 Dungeon Crawl Stone Soup version 0.25-a0-890-g62861fb195 (webtiles) character file.

Game seed: 14063920456288064974, levelgen mode: deterministic

7 Hasart the Insei (level 2, -5/18 HPs)
             Began as an Octopode Transmuter on May 3, 2020.
             Slain by a gnoll
             ... wielding a +0 halberd
              (14 damage)
             ... on level 1 of the Dungeon.
             The game lasted 00:00:40 (229 turns).

Hasart the Insei (Octopode Transmuter)               Turns: 229, Time: 00:00:41

Health: -5/18      AC:  1    Str:  9    XL:     2   Next: 0%
Magic:  4/5        EV: 12    Int: 15    God:
Gold:   15         SH:  3    Dex: 12    Spells: 4/5 levels left

rFire    . . .     SeeInvis .     - Unarmed
rCold    . . .     Gourm    .   h - +0 buckler
rNeg     . . .     Faith    .   (helmet restricted)
rPois    .         Spirit   .   (no amulet)
rElec    .         Reflect  .   (no ring)
rCorr    .         Harm     .   (no ring)
MR       .....                  (no ring)
Stlth    ++........             (no ring)
HPRegen  0.06/turn              (no ring)
MPRegen  0.09/turn              (no ring)
                                (no ring)
                                (no ring)

@: appendage
A: almost no armour, stealthy swim, amphibious, 8 rings, constrict 8, tentacle
spike 3, camouflage 1, gelatinous body 1
a: End Transformation


You were on level 1 of the Dungeon.
You were not hungry.
One of your tentacles had a temporary spike.
You visited 1 branch of the dungeon, and saw 1 of its levels.

You collected 15 gold pieces.

Inventory:

Missiles
 a - 12 arrows
Armour
 h - a +0 buckler (worn)
Scrolls
 b - a scroll of magic mapping {unknown}
 e - a scroll of random uselessness {unknown}
 f - a scroll of blinking {unknown}
 g - a scroll of enchant armour {unknown}
Comestibles
 c - a ration
 d - 5 chunks of flesh


   Skills:
 + Level 1.1 Fighting
 + Level 2.1 Dodging
 + Level 0.0 Shields
 * Level 3.1 Unarmed Combat
 + Level 2.1 Spellcasting
 + Level 2.1 Transmutations


You had 4 spell levels left.
You knew the following spells:

 Your Spells              Type           Power        Failure   Level  Hunger
a - Beastly Appendage     Tmut           #.....       16%         1    #......

Your spell library contained the following spells:

 Spells                   Type           Power        Failure   Level  Hunger
 Sticks to Snakes         Tmut           #.......     24%         2    ###....
 Spider Form              Tmut/Pois      #.........   58%         3    ###....
 Ice Form                 Ice/Tmut       #.......     94%         4    #####..
 Blade Hands              Tmut           #.........   99%         5    ######.


Dungeon Overview and Level Annotations

Branches:
Dungeon (1/15)

Altars:


Innate Abilities, Weirdness & Mutations

You cannot wear most types of armour.
You are very stealthy in the water. (Stealth+)
You are amphibious.
You can wear up to eight rings at the same time.
You can use your tentacles to constrict eight enemies at once.
Your skin changes colour to match your surroundings (Stealth+).
Your rubbery body absorbs attacks. (AC +1, EV +1)
One of your tentacles bears a large vicious spike.


Message History

The kobold closely misses you. The hobgoblin barely misses you.
The hobgoblin closely misses you.
Casting: Beastly Appendage (safe; 16% risk of failure)
Confirm with . or Enter, or press ? or * to list all spells.
One of your tentacles grows a vicious spike.
The hobgoblin hits you.
You tentacle-slap the hobgoblin. You grab the hobgoblin.
You pierce the hobgoblin, but do no damage.
The hobgoblin is moderately wounded.
You constrict the hobgoblin.
The gnoll hits you from afar with a +0 halberd!
You block the hobgoblin's attack.
You tentacle-slap the hobgoblin.
Your tentacle spike misses the hobgoblin.
The hobgoblin is severely wounded.
You constrict the hobgoblin.
The gnoll hits you from afar with a +0 halberd!
Ouch! That really hurt!
You die...

............# #..
............#....
........#........
.......##..K.....
#..g........ ####
###K.......... #...
#g.g.......... #...
#g############ #...
#.@...#.....#
##...##...........#
#......#..........
#......###.#...########
#.....†###'#...##.....#
#.....................#
#.....................#
######.......#........
## ###.....#....#### #.


You could see a gnoll and a hobgoblin.

Vanquished Creatures
  A bat (D:1)
  A giant cockroach (D:1)
  A goblin (D:1)
  A hobgoblin (D:1)
  A ball python (D:1)
  A rat (D:1)
6 creatures vanquished.

Notes
Turn   | Place    | Note
-------+----------+-------------------------------------------
     0 | D:1      | Hasart the Octopode Transmuter began the quest for the Orb.
     0 | D:1      | Reached XP level 1. HP: 13/13 MP: 3/3
   205 | D:1      | Reached XP level 2. HP: 18/18 MP: 5/5
   229 | D:1      | Slain by a gnoll

Levels and vault maps discovered:
D:1:      onia_arrival_pyramid, layout_basic

Action                   || total
-------------------------++-------
Melee: Unarmed           ||    16
       Constrict         ||     4
       Kick              ||     1
 Cast: Beastly Appendage ||     1
Armor: Skin              ||     2
Dodge: Dodged            ||    16
Block: Buckler           ||     1

Table legend:
 A = Non-vault XP
 B = Vault XP
 C = Vault XP percentage of total XP
 D = Non-vault monster count
 E = Vault monster count
 F = Vault count percentage of total count
                 A         B        C        D         E       F
            +---------+---------+-------+---------+---------+-------
      Total |      10 |       0 |   0.0 |       6 |       0 |   0.0
            +---------+---------+-------+---------+---------+-------
        D:1 |      10 |       0 |   0.0 |       6 |       0 |   0.0
            +---------+---------+-------+---------+---------+-------
